Blue Jackets vs Canucks
Created - February 13, 2023 at 19:50
Goals
|
| Blue Jackets |
0 |
0 |
1 |
1 |
| Canucks |
2 |
1 |
1 |
4 |
|
Shots
|
| Blue Jackets |
7 |
10 |
8 |
25 |
| Canucks |
11 |
13 |
6 |
30 |
|
1st period
1. Canucks , Gilbert Brule 8 (Sam Gagner 18, Hampus Lindholm 23) at 14:14 (PP)
2. Canucks , Gilbert Brule 9 (Sam Gagner 19, Nick Ritchie 9) at 16:00 (PP)
Penalties :
Rickard Rakell (Clb) for Hooking (Minor) at 2:15, Travis Hamonic (Clb) for Hooking (Minor) at 13:35, Colton Parayko (Clb) for Tripping (Minor) at 14:45, Michael Kostka (Van) for Diving (Minor) at 17:23
2nd period
3. Canucks , Robert Nilsson 15 (Sam Gagner 20) at 2:19
Penalties :
Ben Chiarot (Clb) for Boarding (Minor) at 17:18
3rd period
4. Canucks , Nick Ritchie 7 (Josh Bailey 3, Oliver Ekman-Larsson 27) at 7:51
5. Blue Jackets , Riley Sheahan 15 (Jason Zucker 15, Mike Richards 16) at 16:34
Penalties :
Maxim Talbot (Van) for Hooking (Minor) at 2:51, Colton Parayko (Clb) for Tripping (Minor) at 17:15
Goalie Stats
Michal Neuvirth (Clb), 26 saves from 30 shots - (0.867), L, 14-17-2, 60:00 minutes
Alexandar Georgiev (Van), 24 saves from 25 shots - (0.960), W, 15-21-2, 60:00 minutes
Players Stats for Blue Jackets
Player Name G A P +/- PIM S H SB GA TA FO MP PP MP PK MP
------------------------------------------------------------------------------------
Aaron Ekblad 0 0 0 1 0 1 0 0 0 0 0/0 21:25 1:24 3:29
Ben Chiarot 0 0 0 -1 2 0 2 0 0 0 0/0 12:07 0:00 0:00
Bryce Lampman 0 0 0 1 0 1 2 0 1 0 0/0 21:25 1:24 3:29
Colton Parayko 0 0 0 -1 4 0 4 4 0 0 0/0 25:03 2:34 2:49
Erik Haula 0 0 0 -2 0 1 0 0 0 0 14/27 19:48 2:16 3:03
Fabian Brunnstrom 0 0 0 0 0 0 0 0 0 0 0/0 2:17 0:00 1:17
Jason Zucker 0 1 1 1 0 3 1 0 1 0 0/0 17:03 1:42 0:00
Mike Richards 0 1 1 1 0 2 3 0 2 1 5/10 17:03 1:42 0:00
Nikita Kucherov 0 0 0 -2 0 4 0 0 0 0 3/6 25:22 2:16 3:51
Phil Kessel 0 0 0 0 0 2 1 1 0 0 0/0 12:31 0:00 0:00
Rickard Rakell 0 0 0 0 2 1 0 1 1 0 0/0 13:20 0:00 0:49
Riley Sheahan 1 0 1 1 0 3 2 1 0 1 1/2 19:53 1:42 2:45
Sean Monahan 0 0 0 0 0 3 1 0 1 0 1/4 12:31 0:00 0:00
Shea Theodore 0 0 0 -1 0 0 1 2 0 1 0/0 14:13 0:00 2:12
Teuvo Teravainen 0 0 0 -2 0 0 5 2 2 0 1/1 20:45 2:16 3:57
Travis Hamonic 0 0 0 -1 2 4 1 0 2 0 0/0 25:54 2:34 3:43
William Karlsson 0 0 0 0 0 0 0 0 0 0 4/5 5:42 0:00 0:00
Zac Rinaldo 0 0 0 0 0 0 3 0 0 0 0/0 5:42 0:00 0:00
Players Stats for Canucks
Player Name G A P +/- PIM S H SB GA TA FO MP PP MP PK MP
------------------------------------------------------------------------------------
Andreas Martinsen 0 0 0 0 0 0 3 0 0 0 0/0 8:29 0:00 0:44
Artemi Panarin 0 0 0 0 0 4 1 0 0 0 1/5 22:35 3:44 2:12
Ben Smith 0 0 0 0 0 4 5 1 0 1 1/1 22:01 3:44 1:02
Brandon Burlon 0 0 0 0 0 0 0 0 0 0 0/0 12:35 0:00 0:00
Brandon Gormley 0 0 0 1 0 1 1 0 0 0 0/0 19:06 3:09 1:26
Derick Brassard 0 0 0 0 0 1 3 1 0 0 8/26 21:31 3:44 1:02
Gilbert Brule 2 0 2 1 0 6 2 1 0 1 6/8 14:41 4:07 0:00
Hampus Lindholm 0 1 1 0 0 1 3 2 1 1 0/0 28:19 4:42 2:32
Jeremy Morin 0 0 0 0 0 2 0 1 0 1 0/1 13:07 0:00 0:00
Josh Bailey 0 1 1 1 0 0 1 0 0 0 0/0 10:29 0:00 0:00
Mats Zuccarello 0 0 0 0 0 0 2 0 0 0 0/0 7:44 0:00 0:00
Maxim Talbot 0 0 0 0 2 0 1 0 0 0 1/3 7:49 0:00 0:00
Michael Kostka 0 0 0 0 2 1 0 0 1 1 0/0 12:35 0:00 0:00
Nick Ritchie 1 1 2 1 0 4 3 0 0 2 0/0 15:26 4:07 0:44
Oliver Ekman-Larsson 0 1 1 1 0 0 2 0 0 1 0/0 23:43 4:42 1:26
Robert Nilsson 1 0 1 0 0 4 0 0 0 1 8/10 15:19 0:00 2:12
Sam Gagner 0 3 3 0 0 0 3 0 1 0 1/1 16:49 4:07 0:00
Tyler Myers 0 0 0 0 0 2 2 2 0 1 0/0 23:42 3:09 2:32
3 Stars
1 - Gilbert Brule (Van)
2 - Nick Ritchie (Van)
3 - Sam Gagner (Van)
Power Play
Blue Jackets - 0 on 2 Attempt(s) - 0.00%
Canucks - 2 on 5 Attempt(s) - 40.00%
Penalty Kill
Blue Jackets - 3 on 5 Attempt(s) - 60.00%
- Score 0 goal in Penalty Kill
Canucks - 2 on 2 Attempt(s) - 100.00%
- Score 0 goal in Penalty Kill
Team Stat
Blue Jackets - Hits : 26 - Faceoff Wins : 29 - Blocked Shots : 11 - Penalty Minutes : 10
Canucks - Hits : 32 - Faceoff Wins : 26 - Blocked Shots : 8 - Penalty Minutes : 4
Official
Referees : Mitch Dunning and Chris Rooney
Linesman : Travis Gawryletz and Libor Suchanek
Game Notes
No Game Note
Finance
Level 1 -- Attendance: 5858 (97.63%) -- Ticket Income $585,800
Level 2 -- Attendance: 4550 (91.00%) -- Ticket Income $273,000
Level 3 -- Attendance: 2000 (100.00%) -- Ticket Income $70,000
Level 4 -- Attendance: 3529 (88.23%) -- Ticket Income $88,225
Luxury Box -- Attendance: 869 (86.90%) -- Ticket Income $173,800
Game was played at the Rodgers Arena.
Total Attendance: 16806 (93.37%)
Total Ticket Income: $1,190,825
Other Income: $178,624
Total Income: $1,369,449
Blue Jackets
5 vs 5 Forward
Center Left Wing Right Wing Time % Phy DF OF
1 Erik Haula Teuvo Teravainen Nikita Kucherov 40 1 2 2
2 Mike Richards Jason Zucker Riley Sheahan 30 1 2 2
3 Sean Monahan Rickard Rakell Phil Kessel 20 1 2 2
4 William Karlsson Zac Rinaldo Nikita Kucherov 10 1 2 2
5 vs 5 Defense
Defense Defense Time % Phy DF OF
1 Travis Hamonic Colton Parayko 40 1 2 2
2 Aaron Ekblad Bryce Lampman 30 1 2 2
3 Ben Chiarot Shea Theodore 20 1 2 2
4 Travis Hamonic Colton Parayko 10 1 2 2
PowerPlay Forward
Center Left Wing Right Wing Time % Phy DF OF
1 Erik Haula Teuvo Teravainen Nikita Kucherov 60 1 2 2
2 Mike Richards Jason Zucker Riley Sheahan 40 1 2 2
PowerPlay Defense
Defense Defense Time % Phy DF OF
1 Travis Hamonic Colton Parayko 60 1 2 2
2 Aaron Ekblad Bryce Lampman 40 1 2 2
Penalty Kill 4 Players Forward
Center Wing Time % Phy DF OF
1 Nikita Kucherov Teuvo Teravainen 60 1 2 2
2 Riley Sheahan Erik Haula 40 1 2 2
Penalty Kill 4 Players Defense
Defense Defense Time % Phy DF OF
1 Travis Hamonic Colton Parayko 60 1 2 2
2 Aaron Ekblad Bryce Lampman 40 1 2 2
Penalty Kill - 3 Players Forward
Forward Time % Phy DF OF
1 Nikita Kucherov 60 1 2 2
2 Teuvo Teravainen 40 1 2 2
Penalty Kill - 3 Players Defense
Defense Defense Time % Phy DF OF
1 Travis Hamonic Colton Parayko 60 1 2 2
2 Aaron Ekblad Bryce Lampman 40 1 2 2
4 vs 4 Forward
Center Wing Time % Phy DF OF
1 Nikita Kucherov Teuvo Teravainen 60 1 2 2
2 Riley Sheahan Erik Haula 40 1 2 2
4 vs 4 Defense
Defense Defense Time % Phy DF OF
1 Travis Hamonic Colton Parayko 60 1 2 2
2 Aaron Ekblad Bryce Lampman 40 1 2 2
Last Minutes Offensive
Center Left Wing Right Wing Defense Defense
Erik Haula Teuvo Teravainen Nikita Kucherov Travis Hamonic Colton Parayko
Last Minutes Defensive
Center Left Wing Right Wing Defense Defense
Erik Haula Teuvo Teravainen Nikita Kucherov Travis Hamonic Colton Parayko
Goaltenders
Starting : Michal Neuvirth
Backup : Cam Talbot
Extra Forwards
Normal : Fabian Brunnstrom, Phil Kessel, Rickard Rakell - PP : Fabian Brunnstrom, Phil Kessel - PK : Rickard Rakell
Extra Defensemen
Normal : Ben Chiarot, Shea Theodore, Aaron Ekblad - PP : Ben Chiarot - PK : Shea Theodore, Aaron Ekblad
Penalty Shots
Nikita Kucherov, Teuvo Teravainen, Riley Sheahan, Erik Haula, Jason Zucker
Scratches
Vince Hinostroza (Healthy)
Canucks
5 vs 5 Forward
Center Left Wing Right Wing Time % Phy DF OF
1 Derick Brassard Artemi Panarin Ben Smith 40 1 2 2
2 Robert Nilsson Jeremy Morin Sam Gagner 30 1 2 2
3 Gilbert Brule Nick Ritchie Josh Bailey 20 1 2 2
4 Maxim Talbot Andreas Martinsen Mats Zuccarello 10 1 2 2
5 vs 5 Defense
Defense Defense Time % Phy DF OF
1 Tyler Myers Hampus Lindholm 40 1 2 2
2 Oliver Ekman-Larsson Brandon Gormley 30 1 2 2
3 Michael Kostka Brandon Burlon 20 1 2 2
4 Oliver Ekman-Larsson Hampus Lindholm 10 1 2 2
PowerPlay Forward
Center Left Wing Right Wing Time % Phy DF OF
1 Derick Brassard Artemi Panarin Ben Smith 60 1 2 2
2 Gilbert Brule Nick Ritchie Sam Gagner 40 1 2 2
PowerPlay Defense
Defense Defense Time % Phy DF OF
1 Oliver Ekman-Larsson Hampus Lindholm 60 1 2 2
2 Tyler Myers Brandon Gormley 40 1 2 2
Penalty Kill 4 Players Forward
Center Wing Time % Phy DF OF
1 Artemi Panarin Robert Nilsson 60 1 2 2
2 Derick Brassard Ben Smith 40 1 2 2
Penalty Kill 4 Players Defense
Defense Defense Time % Phy DF OF
1 Tyler Myers Hampus Lindholm 60 1 2 2
2 Oliver Ekman-Larsson Brandon Gormley 40 1 2 2
Penalty Kill - 3 Players Forward
Forward Time % Phy DF OF
1 Artemi Panarin 60 1 2 2
2 Robert Nilsson 40 1 2 2
Penalty Kill - 3 Players Defense
Defense Defense Time % Phy DF OF
1 Tyler Myers Hampus Lindholm 60 1 2 2
2 Oliver Ekman-Larsson Brandon Gormley 40 1 2 2
4 vs 4 Forward
Center Wing Time % Phy DF OF
1 Artemi Panarin Robert Nilsson 60 1 2 2
2 Derick Brassard Ben Smith 40 1 2 2
4 vs 4 Defense
Defense Defense Time % Phy DF OF
1 Tyler Myers Hampus Lindholm 60 1 2 2
2 Oliver Ekman-Larsson Brandon Gormley 40 1 2 2
Last Minutes Offensive
Center Left Wing Right Wing Defense Defense
Robert Nilsson Artemi Panarin Ben Smith Tyler Myers Hampus Lindholm
Last Minutes Defensive
Center Left Wing Right Wing Defense Defense
Robert Nilsson Artemi Panarin Ben Smith Tyler Myers Hampus Lindholm
Goaltenders
Starting : Alexandar Georgiev
Backup : Matt Hackett
Extra Forwards
Normal : Gilbert Brule, Sam Gagner, Nick Ritchie - PP : Gilbert Brule, Sam Gagner - PK : Nick Ritchie
Extra Defensemen
Normal : Oliver Ekman-Larsson, Brandon Burlon, Michael Kostka - PP : Oliver Ekman-Larsson - PK : Brandon Burlon, Michael Kostka
Penalty Shots
Artemi Panarin, Robert Nilsson, Derick Brassard, Ben Smith, Nick Ritchie
Scratches
Josh Gorges (Healthy)
% Time on Ice - Blue Jackets
Lines # - Real PCT - Wanted PCT - Time Play
Normal Forward
1 - 30% - 40% - 14:32
2 - 32% - 30% - 15:26
3 - 26% - 20% - 12:31
4 - 12% - 10% - 5:42
Normal Defense
1 - 38% - 40% - 18:29
2 - 34% - 30% - 16:28
3 - 25% - 20% - 12:01
4 - 3% - 10% - 1:13
PP Forward
1 - 57% - 60% - 2:16
2 - 43% - 40% - 1:42
PP Defense
1 - 65% - 60% - 2:34
2 - 35% - 40% - 1:24
PK Forward
1 - 65% - 60% - 5:06
2 - 35% - 40% - 2:45
PK Defense
1 - 61% - 60% - 4:45
2 - 39% - 40% - 3:06
PK3 Forward
1 - 0% - 60%
2 - 0% - 40%
PK3 Defense
1 - 0% - 60%
2 - 0% - 40%
44 Forward
1 - 0% - 60%
2 - 0% - 40%
44 Defense
1 - 0% - 60%
2 - 0% - 40%
Last Minute Offensive - 0:00
Last Minute Defensive - 0:00
Total
Forward - 60:00
Defense - 60:00
|
% Time on Ice - Canucks
Lines # - Real PCT - Wanted PCT - Time Play
Normal Forward
1 - 35% - 40% - 16:40
2 - 28% - 30% - 13:18
3 - 22% - 20% - 10:29
4 - 16% - 10% - 7:44
Normal Defense
1 - 39% - 40% - 18:53
2 - 30% - 30% - 14:31
3 - 26% - 20% - 12:35
4 - 5% - 10% - 2:12
PP Forward
1 - 48% - 60% - 3:44
2 - 52% - 40% - 4:07
PP Defense
1 - 60% - 60% - 4:42
2 - 40% - 40% - 3:09
PK Forward
1 - 74% - 60% - 2:56
2 - 26% - 40% - 1:02
PK Defense
1 - 64% - 60% - 2:32
2 - 36% - 40% - 1:26
PK3 Forward
1 - 0% - 60%
2 - 0% - 40%
PK3 Defense
1 - 0% - 60%
2 - 0% - 40%
44 Forward
1 - 0% - 60%
2 - 0% - 40%
44 Defense
1 - 0% - 60%
2 - 0% - 40%
Last Minute Offensive - 0:00
Last Minute Defensive - 0:00
Total
Forward - 60:00
Defense - 60:00
|
Play-by-Play
1st period
0:01 of 1st period - Derick Brassard wins face-off versus Erik Haula in neutral zone.
0:06 of 1st period - Nikita Kucherov is hit by Ben Smith and loses puck.
0:15 of 1st period - Hampus Lindholm is hit by Teuvo Teravainen and loses puck.
0:54 of 1st period - Slapshot by Sean Monahan.
0:54 of 1st period - Stopped by Alexandar Georgiev without a rebound.
0:55 of 1st period - William Karlsson wins face-off versus Maxim Talbot in Canucks zone.
1:20 of 1st period - Riley Sheahan is hit by Derick Brassard and loses puck.
1:29 of 1st period - Wrist shot by Jason Zucker.
1:29 of 1st period - Shot Misses the Net.
1:31 of 1st period - Wrist shot by Jason Zucker.
1:31 of 1st period - Stopped by Alexandar Georgiev without a rebound.
1:32 of 1st period - Robert Nilsson wins face-off versus Erik Haula in Canucks zone.
1:32 of 1st period - Robert Nilsson is hit by Teuvo Teravainen.
2:06 of 1st period - Colton Parayko is hit by Nick Ritchie and loses puck.
2:15 of 1st period - Minor Penalty to Rickard Rakell for Hooking.
2:16 of 1st period - Derick Brassard wins face-off versus Nikita Kucherov in Blue Jackets zone.
2:21 of 1st period - Slapshot by Hampus Lindholm.
2:21 of 1st period - Shot Blocked by Colton Parayko.
2:43 of 1st period - Teuvo Teravainen is hit by Hampus Lindholm and loses puck.
2:54 of 1st period - Wrist shot by Nick Ritchie.
2:54 of 1st period - Stopped by Michal Neuvirth with a rebound.
3:20 of 1st period - Ben Smith is hit by Riley Sheahan and loses puck.
4:15 of 1st period - Penalty to Rickard Rakell is over, Rickard Rakell is back on ice.
4:26 of 1st period - Shea Theodore is hit by Mats Zuccarello and loses puck.
5:36 of 1st period - Sean Monahan is hit by Tyler Myers and loses puck.
6:04 of 1st period - Wrist shot by Robert Nilsson.
6:04 of 1st period - Shot Misses the Net.
6:46 of 1st period - Aaron Ekblad is hit by Derick Brassard and loses puck.
7:11 of 1st period - Erik Haula is hit by Nick Ritchie and loses puck.
7:28 of 1st period - Shea Theodore is hit by Ben Smith and loses puck.
8:00 of 1st period - Robert Nilsson is hit by Teuvo Teravainen and loses puck.
8:21 of 1st period - Derick Brassard is hit by Zac Rinaldo and loses puck.
8:34 of 1st period - Phil Kessel is hit by Gilbert Brule and loses puck.
8:57 of 1st period - Bryce Lampman is hit by Mats Zuccarello and loses puck.
9:08 of 1st period - Maxim Talbot is hit by Bryce Lampman and loses puck.
9:26 of 1st period - Hampus Lindholm is hit by Colton Parayko.
10:15 of 1st period - Icing by Phil Kessel.
10:16 of 1st period - Sam Gagner wins face-off versus Erik Haula in Blue Jackets zone.
10:30 of 1st period - Wrist shot by Sam Gagner.
10:30 of 1st period - Shot Misses the Net.
10:32 of 1st period - Wrist shot by Michael Kostka.
10:32 of 1st period - Deflect By Teuvo Teravainen.
10:32 of 1st period - Stopped by Michal Neuvirth with a rebound.
11:11 of 1st period - Wrist shot by Sean Monahan.
11:11 of 1st period - Stopped by Alexandar Georgiev without a rebound.
11:12 of 1st period - Mike Richards wins face-off versus Derick Brassard in Canucks zone.
11:38 of 1st period - Tyler Myers is hit by Teuvo Teravainen.
12:01 of 1st period - Wrist shot by Gilbert Brule.
12:01 of 1st period - Stopped by Michal Neuvirth with a rebound.
12:03 of 1st period - Slapshot by Gilbert Brule.
12:03 of 1st period - Shot Blocked by Phil Kessel.
12:05 of 1st period - Slapshot by Gilbert Brule.
12:05 of 1st period - Stopped by Michal Neuvirth with a rebound.
12:07 of 1st period - Slapshot by Gilbert Brule.
12:07 of 1st period - Stopped by Michal Neuvirth with a rebound.
12:09 of 1st period - Slapshot by Hampus Lindholm.
12:09 of 1st period - Shot Blocked by Rickard Rakell.
12:25 of 1st period - Snap shot by Sean Monahan.
12:25 of 1st period - Stopped by Alexandar Georgiev without a rebound.
12:26 of 1st period - Erik Haula wins face-off versus Derick Brassard in Canucks zone.
12:39 of 1st period - Snap shot by Nikita Kucherov.
12:39 of 1st period - Deflect By Teuvo Teravainen.
12:39 of 1st period - Shot Blocked by Derick Brassard.
12:39 of 1st period - Puck is out of play.
12:40 of 1st period - Derick Brassard wins face-off versus Erik Haula in Canucks zone.
13:07 of 1st period - Brandon Gormley is hit by Mike Richards and loses puck.
13:30 of 1st period - Slapshot by Brandon Gormley.
13:30 of 1st period - Stopped by Michal Neuvirth without a rebound.
13:31 of 1st period - Gilbert Brule wins face-off versus Sean Monahan in Blue Jackets zone.
13:35 of 1st period - Minor Penalty to Travis Hamonic for Hooking.
13:36 of 1st period - Nikita Kucherov wins face-off versus Derick Brassard in Blue Jackets zone.
14:12 of 1st period - Snap shot by Sam Gagner.
14:12 of 1st period - Shot Blocked by Shea Theodore.
14:14 of 1st period - Snap shot by Sam Gagner.
14:14 of 1st period - Deflect By Gilbert Brule.
14:14 of 1st period - Goal by Gilbert Brule - Blue Jackets : 0 - Canucks : 1.
14:15 of 1st period - Mike Richards wins face-off versus Derick Brassard in neutral zone.
14:32 of 1st period - Snap shot by Derick Brassard.
14:32 of 1st period - Shot Misses the Net.
14:45 of 1st period - Minor Penalty to Colton Parayko for Tripping.
14:46 of 1st period - Derick Brassard wins face-off versus Nikita Kucherov in Blue Jackets zone.
14:50 of 1st period - Wrist shot by Derick Brassard.
14:50 of 1st period - Stopped by Michal Neuvirth with a rebound.
14:56 of 1st period - Artemi Panarin is hit by Travis Hamonic.
15:13 of 1st period - Off-side.
15:14 of 1st period - Gilbert Brule wins face-off versus Riley Sheahan in neutral zone.
15:31 of 1st period - Snap shot by Nick Ritchie.
15:31 of 1st period - Stopped by Michal Neuvirth with a rebound.
15:39 of 1st period - Bryce Lampman is hit by Nick Ritchie and loses puck.
16:00 of 1st period - Slapshot by Gilbert Brule.
16:00 of 1st period - Goal by Gilbert Brule - Blue Jackets : 0 - Canucks : 2.
16:01 of 1st period - William Karlsson wins face-off versus Derick Brassard in neutral zone.
16:16 of 1st period - Wrist shot by Ben Smith.
16:16 of 1st period - Stopped by Michal Neuvirth without a rebound.
16:17 of 1st period - Robert Nilsson wins face-off versus Erik Haula in Blue Jackets zone.
16:26 of 1st period - Hampus Lindholm is hit by Colton Parayko and loses puck.
16:51 of 1st period - Off-side.
16:52 of 1st period - Nikita Kucherov wins face-off versus Derick Brassard in neutral zone.
17:23 of 1st period - Minor Penalty to Michael Kostka for Diving.
17:24 of 1st period - Erik Haula wins face-off versus Artemi Panarin in Canucks zone.
17:28 of 1st period - Snap shot by Nikita Kucherov.
17:28 of 1st period - Shot Blocked by Hampus Lindholm.
17:30 of 1st period - Slapshot by Travis Hamonic.
17:30 of 1st period - Stopped by Alexandar Georgiev with a rebound.
17:32 of 1st period - Slapshot by Travis Hamonic.
17:32 of 1st period - Stopped by Alexandar Georgiev with a rebound.
17:52 of 1st period - Tyler Myers is hit by Teuvo Teravainen and loses puck.
17:57 of 1st period - Snap shot by Erik Haula.
17:57 of 1st period - Stopped by Alexandar Georgiev without a rebound.
17:58 of 1st period - Mike Richards wins face-off versus Artemi Panarin in Canucks zone.
19:23 of 1st period - Penalty to Michael Kostka is over, Michael Kostka is back on ice.
Goals for this period are 0 for Blue Jackets vs 2 for Canucks.
Shots for this period are 7 for Blue Jackets vs 11 for Canucks.
2nd period
0:01 of 2nd period - Derick Brassard wins face-off versus Erik Haula in neutral zone.
0:04 of 2nd period - Slapshot by Hampus Lindholm.
0:04 of 2nd period - Stopped by Michal Neuvirth with a rebound.
1:05 of 2nd period - Hampus Lindholm is hit by Bryce Lampman and loses puck.
1:24 of 2nd period - Snap shot by Derick Brassard.
1:24 of 2nd period - Shot Misses the Net.
1:46 of 2nd period - Jason Zucker is hit by Artemi Panarin.
2:00 of 2nd period - Snap shot by Derick Brassard.
2:00 of 2nd period - Deflect By Artemi Panarin.
2:00 of 2nd period - Stopped by Michal Neuvirth with a rebound.
2:09 of 2nd period - Off-side.
2:10 of 2nd period - Robert Nilsson wins face-off versus Erik Haula in neutral zone.
2:19 of 2nd period - Wrist shot by Robert Nilsson.
2:19 of 2nd period - Goal by Robert Nilsson - Blue Jackets : 0 - Canucks : 3.
2:20 of 2nd period - Erik Haula wins face-off versus Jeremy Morin in neutral zone.
2:51 of 2nd period - Snap shot by Rickard Rakell.
2:51 of 2nd period - Shot Misses the Net.
2:53 of 2nd period - Snap shot by Travis Hamonic.
2:53 of 2nd period - Stopped by Alexandar Georgiev with a rebound.
2:55 of 2nd period - Slapshot by Travis Hamonic.
2:55 of 2nd period - Stopped by Alexandar Georgiev with a rebound.
2:57 of 2nd period - Snap shot by Sean Monahan.
2:57 of 2nd period - Shot Misses the Net.
2:59 of 2nd period - Wrist shot by Phil Kessel.
2:59 of 2nd period - Stopped by Alexandar Georgiev without a rebound.
3:00 of 2nd period - Erik Haula wins face-off versus Maxim Talbot in Canucks zone.
3:13 of 2nd period - Teuvo Teravainen is hit by Andreas Martinsen and loses puck.
4:09 of 2nd period - Hampus Lindholm is hit by Zac Rinaldo and loses puck.
4:24 of 2nd period - Rickard Rakell is hit by Sam Gagner and loses puck.
5:25 of 2nd period - Teuvo Teravainen is hit by Sam Gagner and loses puck.
5:32 of 2nd period - Slapshot by Robert Nilsson.
5:32 of 2nd period - Shot Blocked by Colton Parayko.
5:34 of 2nd period - Slapshot by Michael Kostka.
5:34 of 2nd period - Shot Misses the Net.
5:51 of 2nd period - Backhand shot by Jason Zucker.
5:51 of 2nd period - Stopped by Alexandar Georgiev with a rebound.
5:53 of 2nd period - Wrist shot by Jason Zucker.
5:53 of 2nd period - Shot Misses the Net.
5:55 of 2nd period - Slapshot by Aaron Ekblad.
5:55 of 2nd period - Deflect By Nick Ritchie.
5:55 of 2nd period - Stopped by Alexandar Georgiev with a rebound.
5:57 of 2nd period - Slapshot by Aaron Ekblad.
5:57 of 2nd period - Shot Blocked by Gilbert Brule.
6:32 of 2nd period - Colton Parayko is hit by Hampus Lindholm and loses puck.
7:26 of 2nd period - Wrist shot by Erik Haula.
7:26 of 2nd period - Deflect By Michael Kostka.
7:26 of 2nd period - Shot Misses the Net.
7:26 of 2nd period - Puck is out of play.
7:27 of 2nd period - Derick Brassard wins face-off versus Mike Richards in Canucks zone.
7:42 of 2nd period - Wrist shot by Artemi Panarin.
7:42 of 2nd period - Stopped by Michal Neuvirth without a rebound.
7:43 of 2nd period - Erik Haula wins face-off versus Robert Nilsson in Blue Jackets zone.
7:48 of 2nd period - Wrist shot by Sam Gagner.
7:48 of 2nd period - Shot Misses the Net.
7:50 of 2nd period - Snap shot by Jeremy Morin.
7:50 of 2nd period - Stopped by Michal Neuvirth without a rebound.
7:51 of 2nd period - Robert Nilsson wins face-off versus Erik Haula in Blue Jackets zone.
8:28 of 2nd period - Wrist shot by Robert Nilsson.
8:28 of 2nd period - Stopped by Michal Neuvirth without a rebound.
8:29 of 2nd period - Mike Richards wins face-off versus Derick Brassard in Blue Jackets zone.
8:29 of 2nd period - Mike Richards is hit by Oliver Ekman-Larsson.
8:35 of 2nd period - Wrist shot by Riley Sheahan.
8:35 of 2nd period - Stopped by Alexandar Georgiev with a rebound.
8:52 of 2nd period - Icing by Jason Zucker.
8:53 of 2nd period - Gilbert Brule wins face-off versus Mike Richards in Blue Jackets zone.
8:53 of 2nd period - Gilbert Brule is hit by Riley Sheahan.
8:57 of 2nd period - Wrist shot by Robert Nilsson.
8:57 of 2nd period - Shot Misses the Net.
9:06 of 2nd period - Off-side.
9:07 of 2nd period - Erik Haula wins face-off versus Derick Brassard in neutral zone.
9:09 of 2nd period - Off-side.
9:10 of 2nd period - Derick Brassard wins face-off versus Erik Haula in neutral zone.
9:12 of 2nd period - Hampus Lindholm is hit by Colton Parayko and loses puck.
9:23 of 2nd period - Snap shot by Nikita Kucherov.
9:23 of 2nd period - Shot Blocked by Ben Smith.
9:25 of 2nd period - Snap shot by Erik Haula.
9:25 of 2nd period - Deflect By Nikita Kucherov.
9:25 of 2nd period - Stopped by Alexandar Georgiev without a rebound.
9:26 of 2nd period - Robert Nilsson wins face-off versus Erik Haula in Canucks zone.
9:33 of 2nd period - Snap shot by Sam Gagner.
9:33 of 2nd period - Shot Misses the Net.
9:35 of 2nd period - Snap shot by Sam Gagner.
9:35 of 2nd period - Shot Blocked by Colton Parayko.
9:37 of 2nd period - Snap shot by Robert Nilsson.
9:37 of 2nd period - Stopped by Michal Neuvirth without a rebound.
9:38 of 2nd period - Erik Haula wins face-off versus Derick Brassard in Blue Jackets zone.
10:38 of 2nd period - Rickard Rakell is hit by Maxim Talbot and loses puck.
11:27 of 2nd period - Wrist shot by Nick Ritchie.
11:27 of 2nd period - Deflect By Gilbert Brule.
11:27 of 2nd period - Shot Misses the Net.
11:27 of 2nd period - Puck is out of play.
11:28 of 2nd period - William Karlsson wins face-off versus Derick Brassard in Blue Jackets zone.
11:55 of 2nd period - Jeremy Morin is hit by Ben Chiarot and loses puck.
12:00 of 2nd period - Snap shot by Mike Richards.
12:00 of 2nd period - Deflect By Riley Sheahan.
12:00 of 2nd period - Stopped by Alexandar Georgiev with a rebound.
12:02 of 2nd period - Slapshot by Jason Zucker.
12:02 of 2nd period - Shot Blocked by Jeremy Morin.
12:04 of 2nd period - Wrist shot by Mike Richards.
12:04 of 2nd period - Shot Misses the Net.
12:06 of 2nd period - Snap shot by Mike Richards.
12:06 of 2nd period - Shot Blocked by Tyler Myers.
13:20 of 2nd period - Snap shot by Robert Nilsson.
13:20 of 2nd period - Shot Misses the Net.
13:28 of 2nd period - Hampus Lindholm is hit by Ben Chiarot and loses puck.
13:56 of 2nd period - Hampus Lindholm is hit by Mike Richards and loses puck.
14:07 of 2nd period - Slapshot by Tyler Myers.
14:07 of 2nd period - Stopped by Michal Neuvirth without a rebound.
14:08 of 2nd period - Sean Monahan wins face-off versus Gilbert Brule in Blue Jackets zone.
14:17 of 2nd period - Wrist shot by Gilbert Brule.
14:17 of 2nd period - Deflect By Nick Ritchie.
14:17 of 2nd period - Stopped by Michal Neuvirth with a rebound.
14:27 of 2nd period - Aaron Ekblad is hit by Josh Bailey and loses puck.
14:34 of 2nd period - Josh Bailey is hit by Sean Monahan and loses puck.
15:17 of 2nd period - Snap shot by Rickard Rakell.
15:17 of 2nd period - Deflect By Brandon Gormley.
15:17 of 2nd period - Stopped by Alexandar Georgiev without a rebound.
15:18 of 2nd period - Ben Smith wins face-off versus Erik Haula in Canucks zone.
15:25 of 2nd period - Wrist shot by Ben Smith.
15:25 of 2nd period - Shot Blocked by Teuvo Teravainen.
15:27 of 2nd period - Snap shot by Derick Brassard.
15:27 of 2nd period - Shot Misses the Net.
15:29 of 2nd period - Wrist shot by Ben Smith.
15:29 of 2nd period - Stopped by Michal Neuvirth without a rebound.
15:30 of 2nd period - Erik Haula wins face-off versus Derick Brassard in Blue Jackets zone.
15:39 of 2nd period - Slapshot by Derick Brassard.
15:39 of 2nd period - Deflect By Ben Smith.
15:39 of 2nd period - Shot Blocked by Colton Parayko.
15:39 of 2nd period - Puck is out of play.
15:40 of 2nd period - Erik Haula wins face-off versus Artemi Panarin in Blue Jackets zone.
16:41 of 2nd period - Snap shot by Ben Smith.
16:41 of 2nd period - Stopped by Michal Neuvirth without a rebound.
16:42 of 2nd period - Robert Nilsson wins face-off versus Mike Richards in Blue Jackets zone.
16:49 of 2nd period - Slapshot by Hampus Lindholm.
16:49 of 2nd period - Shot Blocked by Riley Sheahan.
16:51 of 2nd period - Wrist shot by Jeremy Morin.
16:51 of 2nd period - Stopped by Michal Neuvirth without a rebound.
16:52 of 2nd period - Robert Nilsson wins face-off versus Mike Richards in Blue Jackets zone.
17:05 of 2nd period - Snap shot by Robert Nilsson.
17:05 of 2nd period - Shot Misses the Net.
17:07 of 2nd period - Wrist shot by Robert Nilsson.
17:07 of 2nd period - Stopped by Michal Neuvirth with a rebound.
17:18 of 2nd period - Minor Penalty to Ben Chiarot for Boarding.
17:19 of 2nd period - Teuvo Teravainen wins face-off versus Derick Brassard in Blue Jackets zone.
17:35 of 2nd period - Slapshot by Nikita Kucherov.
17:35 of 2nd period - Stopped by Alexandar Georgiev with a rebound.
19:18 of 2nd period - Penalty to Ben Chiarot is over, Ben Chiarot is back on ice.
19:37 of 2nd period - Sean Monahan is hit by Andreas Martinsen.
19:55 of 2nd period - Mats Zuccarello is hit by Shea Theodore.
Goals for this period are 0 for Blue Jackets vs 1 for Canucks.
Shots for this period are 10 for Blue Jackets vs 13 for Canucks.
3rd period
0:01 of 3rd period - Nikita Kucherov wins face-off versus Derick Brassard in neutral zone.
1:23 of 3rd period - Zac Rinaldo is hit by Tyler Myers and loses puck.
1:36 of 3rd period - Aaron Ekblad is hit by Ben Smith and loses puck.
2:51 of 3rd period - Minor Penalty to Maxim Talbot for Hooking.
2:52 of 3rd period - Erik Haula wins face-off versus Artemi Panarin in Canucks zone.
2:55 of 3rd period - Snap shot by Nikita Kucherov.
2:55 of 3rd period - Stopped by Alexandar Georgiev without a rebound.
2:56 of 3rd period - Artemi Panarin wins face-off versus Erik Haula in Canucks zone.
2:56 of 3rd period - Artemi Panarin is hit by Colton Parayko.
4:51 of 3rd period - Penalty to Maxim Talbot is over, Maxim Talbot is back on ice.
4:51 of 3rd period - Ben Smith is hit by Jason Zucker and loses puck.
4:59 of 3rd period - Icing by Oliver Ekman-Larsson.
5:00 of 3rd period - Gilbert Brule wins face-off versus Sean Monahan in Canucks zone.
5:25 of 3rd period - Maxim Talbot is hit by Zac Rinaldo and loses puck.
6:34 of 3rd period - Snap shot by Phil Kessel.
6:34 of 3rd period - Shot Misses the Net.
6:46 of 3rd period - Wrist shot by Derick Brassard.
6:46 of 3rd period - Deflect By Ben Smith.
6:46 of 3rd period - Stopped by Michal Neuvirth with a rebound.
6:52 of 3rd period - Snap shot by Derick Brassard.
6:52 of 3rd period - Deflect By Artemi Panarin.
6:52 of 3rd period - Stopped by Michal Neuvirth with a rebound.
6:54 of 3rd period - Slapshot by Tyler Myers.
6:54 of 3rd period - Stopped by Michal Neuvirth without a rebound.
6:55 of 3rd period - Robert Nilsson wins face-off versus Mike Richards in Blue Jackets zone.
7:51 of 3rd period - Wrist shot by Nick Ritchie.
7:51 of 3rd period - Goal by Nick Ritchie - Blue Jackets : 0 - Canucks : 4.
7:52 of 3rd period - Erik Haula wins face-off versus Derick Brassard in neutral zone.
8:11 of 3rd period - Colton Parayko is hit by Ben Smith and loses puck.
9:28 of 3rd period - Michael Kostka is hit by Mike Richards and loses puck.
10:21 of 3rd period - Shea Theodore is hit by Andreas Martinsen and loses puck.
10:46 of 3rd period - Snap shot by Artemi Panarin.
10:46 of 3rd period - Deflect By Sean Monahan.
10:46 of 3rd period - Stopped by Michal Neuvirth without a rebound.
10:47 of 3rd period - Erik Haula wins face-off versus Derick Brassard in Blue Jackets zone.
11:34 of 3rd period - Snap shot by Jason Zucker.
11:34 of 3rd period - Stopped by Alexandar Georgiev without a rebound.
11:35 of 3rd period - Gilbert Brule wins face-off versus Sean Monahan in Canucks zone.
11:50 of 3rd period - Slapshot by Shea Theodore.
11:50 of 3rd period - Shot Blocked by Tyler Myers.
12:00 of 3rd period - Teuvo Teravainen is hit by Derick Brassard and loses puck.
12:13 of 3rd period - Slapshot by Derick Brassard.
12:13 of 3rd period - Shot Blocked by Shea Theodore.
12:28 of 3rd period - Mike Richards is hit by Brandon Gormley.
12:33 of 3rd period - Colton Parayko is hit by Sam Gagner and loses puck.
12:44 of 3rd period - Rickard Rakell is hit by Oliver Ekman-Larsson and loses puck.
13:08 of 3rd period - Icing by Bryce Lampman.
13:09 of 3rd period - William Karlsson wins face-off versus Derick Brassard in Blue Jackets zone.
13:44 of 3rd period - Wrist shot by Riley Sheahan.
13:44 of 3rd period - Shot Misses the Net.
13:46 of 3rd period - Slapshot by Bryce Lampman.
13:46 of 3rd period - Stopped by Alexandar Georgiev without a rebound.
13:47 of 3rd period - Riley Sheahan wins face-off versus Gilbert Brule in Canucks zone.
13:50 of 3rd period - Snap shot by Mike Richards.
13:50 of 3rd period - Stopped by Alexandar Georgiev with a rebound.
13:52 of 3rd period - Snap shot by Mike Richards.
13:52 of 3rd period - Stopped by Alexandar Georgiev with a rebound.
14:40 of 3rd period - Wrist shot by Rickard Rakell.
14:40 of 3rd period - Shot Misses the Net.
14:51 of 3rd period - Icing by Robert Nilsson.
14:52 of 3rd period - Maxim Talbot wins face-off versus William Karlsson in Canucks zone.
15:49 of 3rd period - Wrist shot by Gilbert Brule.
15:49 of 3rd period - Stopped by Michal Neuvirth without a rebound.
15:50 of 3rd period - Erik Haula wins face-off versus Derick Brassard in Blue Jackets zone.
15:50 of 3rd period - Erik Haula is hit by Ben Smith.
16:20 of 3rd period - Slapshot by Travis Hamonic.
16:20 of 3rd period - Shot Blocked by Hampus Lindholm.
16:22 of 3rd period - Wrist shot by Phil Kessel.
16:22 of 3rd period - Deflect By Hampus Lindholm.
16:22 of 3rd period - Stopped by Alexandar Georgiev with a rebound.
16:24 of 3rd period - Slapshot by Colton Parayko.
16:24 of 3rd period - Deflect By Sean Monahan.
16:24 of 3rd period - Shot Misses the Net.
16:24 of 3rd period - Puck is out of play.
16:25 of 3rd period - Mike Richards wins face-off versus Robert Nilsson in Canucks zone.
16:34 of 3rd period - Slapshot by Riley Sheahan.
16:34 of 3rd period - Goal by Riley Sheahan - Blue Jackets : 1 - Canucks : 4.
16:35 of 3rd period - Erik Haula wins face-off versus Derick Brassard in neutral zone.
16:42 of 3rd period - Snap shot by Nikita Kucherov.
16:42 of 3rd period - Stopped by Alexandar Georgiev without a rebound.
16:43 of 3rd period - Derick Brassard wins face-off versus Erik Haula in Canucks zone.
16:58 of 3rd period - Colton Parayko is hit by Hampus Lindholm and loses puck.
17:13 of 3rd period - Wrist shot by Artemi Panarin.
17:13 of 3rd period - Shot Blocked by Teuvo Teravainen.
17:15 of 3rd period - Minor Penalty to Colton Parayko for Tripping.
17:16 of 3rd period - Gilbert Brule wins face-off versus Nikita Kucherov in Blue Jackets zone.
18:27 of 3rd period - Rickard Rakell is hit by Gilbert Brule and loses puck.
19:15 of 3rd period - Penalty to Colton Parayko is over, Colton Parayko is back on ice.
19:44 of 3rd period - Jeremy Morin is hit by Phil Kessel and loses puck.
Goals for this period are 1 for Blue Jackets vs 1 for Canucks.
Shots for this period are 8 for Blue Jackets vs 6 for Canucks.